Map: Winter's Gate LE

Players

Serral - Winner!

  • Race: Zerg Zerg
  • Spawn Location: 5:00

CatZ

  • Race: Zerg Zerg
  • League: Grandmaster
  • Spawn Location: 11:00

Event: NationWars 2019

VOD

Have the link to the VOD?

Description

Time

  • Played on: Oct. 6, 2019, 3:37 p.m.
  • Length: 6:35

All games in this series

Show
View Real Time Build Order
Export as new Build Order

Serral Zerg - Winner!

Build Orders: Hatch First 

Get SALT Encoding   

  12  0:00  Drone  
  13  0:12  Overlord  
  13  0:16  Drone  
  14  0:31  Drone x2  
  16  0:47  Hatchery  
  15  0:51  Drone  
  15  0:55  Drone  
  17  0:58  Drone  
  18  1:09  Extractor  
  17  1:13  Spawning Pool  
  17  1:16  Drone  
  17  1:20  Drone  
  18  1:28  Drone  
  19  1:59  Queen  
  19  2:00  Zergling x2, Queen  
  19  2:01  Zergling x6  
  27  2:12  Zergling x2  
  27  2:13  Overlord  
  28  2:16  Extractor  
  28  2:29  Metabolic Boost  
  28  2:39  Drone x2  
  30  2:44  Queen  
  30  2:50  Overlord  
  32  2:54  Zergling x2  
  32  2:56  Zergling x2  
  34  3:03  Zergling x2  
  34  3:04  Zergling x2  
  35  3:14  Zergling x10  
  35  3:18  Zergling x2  
  41  3:23  Zergling x4  
  43  3:31  Overlord  
  43  3:35  Zergling x2  
  44  3:51  Drone  
  44  3:52  Drone  
  44  3:55  Hatchery  
  44  3:56  Drone  
  44  4:01  Drone x2  
  45  4:05  Drone x2  
  45  4:11  Drone  
  45  4:13  Drone x2  
  45  4:15  Drone  
  47  4:20  Drone x2  
  47  4:26  Drone  
  47  4:30  Drone x2  
  48  4:38  Extractor x2  
  46  4:39  Roach Warren, Zergling x4  
  46  4:41  Zergling x2  
  46  4:43  Zergling x2  
  49  4:45  Zergling x2  
  49  4:50  Zergling x4  
  51  4:54  Zergling x2  
  51  4:57  Overlord x2  
  52  5:11  Overlord  
  52  5:18  Roach x2  
  52  5:19  Roach x4  
  52  5:20  Roach  
  62  5:22  Roach  
  62  5:28  Roach  
  63  5:32  Roach x2  
  63  5:34  Roach  
  67  5:37  Roach  
  67  5:40  Roach  
  71  5:43  Roach  
  71  5:44  Zergling x2  
  71  5:49  Roach x2  
  77  5:52  Zergling x2  
  77  5:53  Zergling x2  
  77  5:55  Zergling x2  
  79  6:01  Zergling x6  
  79  6:03  Zergling x2  
Show
View Real Time Build Order
Export as new Build Order

CatZ Zerg 

Build Orders: Pool First 

Get SALT Encoding   

  12  0:17  Spawning Pool  
  11  0:23  Drone  
  11  0:27  Drone  
  13  0:31  Drone  
  14  0:40  Overlord  
  14  1:03  Zergling x2  
  14  1:04  Zergling x2  
  16  1:06  Zergling x2  
  17  1:17  Zergling x2  
  18  1:19  Hatchery  
  17  1:31  Zergling x2  
  18  1:39  Queen  
  20  1:40  Zergling x2  
  21  1:57  Zergling x2  
  22  2:11  Evolution Chamber  
  16  2:32  Queen  
  16  2:33  Drone x4  
  22  2:40  Queen  
  22  2:42  Drone  
  25  2:48  Drone  
  26  2:53  Drone  
  26  2:56  Drone  
  28  3:16  Drone, Hatchery  
  28  3:22  Overlord  
  28  3:26  Spine Crawler, Drone  
  28  3:33  Overlord  
  28  3:46  Evolution Chamber  
  28  3:47  Roach Warren  
  24  3:49  Zergling x4  
  24  3:53  Zergling x2  
  27  3:56  Zergling x2  
  27  3:58  Zergling x2  
  27  4:01  Zergling x2  
  30  4:09  Queen  
  28  4:10  Zergling x2  
  28  4:11  Zergling x6  
  28  4:15  Zergling x2  
  34  4:24  Zergling x4  
  31  4:26  Zergling x2  
  31  4:28  Zergling x2  
  30  4:34  Overlord  
  26  4:39  Zergling x2  
  26  4:48  Zergling x2  
  26  4:50  Zergling x2  
  27  4:57  Drone x2  
  29  5:05  Queen  
  31  5:09  Extractor  
  31  5:10  Drone  
  31  5:13  Drone  
  23  5:37  Overlord  
  23  5:38  Drone x2  
  23  5:39  Drone  
  23  5:40  Zergling x4  
  23  5:41  Zergling x4  
  27  5:45  Drone  
  26  5:54  Drone  
Tags
 
Add a new tag
Caveats
  • Supply blocks, unpowered buildings, or Contaminate may cause inaccurate times.
  • Supply counts are checked every 10 seconds.